Predators vs Devils

Created - May 5 2007 at 11:34

Goals
1 2 3 T
Predators 1 2 1 4
Devils 4 0 2 6
Shots
1 2 3 T
Predators 10 14 9 33
Devils 19 4 10 33

Period #1

1. Devils , Miroslav Satan 7 (Zach Parise, Patrik Elias) at 0:28
2. Devils , Jay Pandolfo 1 (John Madden, Brad Lukowich) at 4:06
3. Devils , John Madden 3 (Patrik Elias, Richard Matvichuk) at 10:56
4. Predators , Scott Hartnell 3 (Kimmo Timonen, Jason Arnott) at 11:26
5. Devils , Miroslav Satan 8 (Brian Gionta, Colin White) at 12:27

Penalities :
Jamie Langenbrunner (NJD) for Delaying the game (Minor) at 5:46, Marek Zidlicky (NSH) for Clipping (Minor) at 5:46, Sergei Brylin (NJD) for Fighting (Major) at 11:00, Todd Bertuzzi (NSH) for Fighting (Major) at 11:00

Period #2

6. Predators , Scott Hartnell 4 (Paul Kariya, Derek Morris) at 0:12
7. Predators , Jeff Carter 1 (Paul Kariya, Martin Erat) at 11:26

Penalities :
Juraj Kolnik (NJD) for Holding (Minor) at 2:21, Miroslav Satan (NJD) for Roughing (Minor) at 4:16, Darcy Hordichuk (NSH) for Roughing (Minor) at 13:20, Kimmo Timonen (NSH) for Holding (Minor) at 18:07

Period #3

8. Devils , Miroslav Satan 9 (Patrik Elias, David Hale) at 4:59 (PP)
9. Predators , David Legwand 7 (Martin Erat, Jeff Carter) at 12:16
10. Devils , Brian Rafalski 3 (Mike Comrie, Brian Gionta) at 18:05 (PP)

Penalities :
Jason Arnott (NSH) for Slashing (Minor) at 3:58, Derek Morris (NSH) for Cross-checking (Minor) at 13:26, Darcy Hordichuk (NSH) for Elbowing (Minor) at 17:43, Chris Campoli (NJD) for Kneeing (Major) at 18:23

Goalie Stats

Chris Mason (NSH), 19 saves from 24 shots - (0.792), L, 6-2-1, 44:59 minutes
Tomas Vokoun (NSH), 8 saves from 9 shots - (0.889), 15:01 minutes
Martin Brodeur (NJD), 29 saves from 33 shots - (0.879), W, 16-2-3, 60:00 minutes

Players Stats

Predators
Player Name              G  A  P  +/- PIM S  H  SB FO MP 
-----------------------------------------------------------
Darcy Hordichuk          0  0  0  -1  4   0  1  0  2  10 
David Legwand            1  0  1   0  0   3  0  0  17 17 
Derek Morris             0  1  1  -1  2   0  1  0  0  21 
Jason Arnott             0  1  1   1  2   3  0  0  21 16 
Jeff Carter              1  1  2   1  0   3  1  0  0  13 
Keith Primeau            0  0  0  -1  0   1  0  0  9  12 
Kimmo Timonen            0  1  1   1  2   1  1  1  0  22 
Marek Zidlicky           0  0  0   1  2   0  1  2  0  18 
Martin Erat              0  2  2   1  0   1  0  0  0  13 
Mike Grier               0  0  0  -1  0   3  2  0  0  13 
Paul Kariya              0  2  2   0  0   5  0  0  1  17 
Scott Hartnell           2  0  2   1  0   3  0  0  2  15 
Shea Weber               0  0  0  -1  0   2  2  2  0  20 
Steve Sullivan           0  0  0   0  0   3  0  0  1  19 
Todd Bertuzzi            0  0  0   0  5   2  1  1  6  20 
Tomas Kaberle            0  0  0   0  0   0  1  1  0  20 
Yanic Perreault          0  0  0  -1  0   3  0  0  17 17 
Zbynek Michalek          0  0  0   0  0   0  1  3  0  20 
Devils
Player Name              G  A  P  +/- PIM S  H  SB FO MP 
-----------------------------------------------------------
Brad Lukowich            0  1  1   1  0   2  2  1  0  19 
Brian Gionta             0  2  2   0  0   1  0  0  8  10 
Brian Rafalski           1  0  1  -1  0   1  0  1  0  14 
Chris Campoli            0  0  0   0  5   1  0  1  0  22 
Colin White              0  1  1   1  0   0  3  0  0  21 
David Hale               0  1  1   0  0   0  1  0  0  19 
Grant Marshall           0  0  0   0  0   1  0  1  0  17 
Jamie Langenbrunner      0  0  0   0  2   1  0  0  2  14 
Jay Pandolfo             1  0  1   1  0   2  0  0  1  9  
John Madden              1  1  2   0  0   5  0  0  0  15 
Juraj Kolnik             0  0  0   0  2   4  0  1  6  17 
Mike Comrie              0  1  1  -1  0   2  0  0  18 21 
Mike Ribeiro             0  0  0  -1  0   1  1  0  0  19 
Miroslav Satan           3  0  3   0  2   4  1  0  0  17 
Patrik Elias             0  3  3   0  0   4  2  0  10 20 
Richard Matvichuk        0  1  1   0  0   1  2  1  0  23 
Sergei Brylin            0  0  0   0  5   1  0  0  12 10 
Zach Parise              0  1  1   0  0   2  0  0  19 17 

3 Stars

1 - Miroslav Satan (NJD)
2 - Scott Hartnell (NSH)
3 - Jeff Carter (NSH)

Power Play

Predators - 0 on 3 Attempt(s) - 0.00%
Devils - 2 on 5 Attempt(s) - 40.00%

Penalty Kill

Predators - 3 on 5 Attempt(s) - 60.00% - Score 0 goal in Penalty Kill
Devils - 3 on 3 Attempt(s) - 100.00% - Score 0 goal in Penalty Kill

Game Notes

Sergei Brylin and Todd Bertuzzi fight to a draw at 11:00 of 1st period
Miroslav Satan has scored a Hat Trick!
Tomas Vokoun enters game at 4:59 of 3rd period

Finance

Level 1 -- Attendance: 6500 (100.00%) -- Ticket Income $650,000.00
Level 2 -- Attendance: 5540 (100.00%) -- Ticket Income $332,400.00
Level 3 -- Attendance: 2000 (100.00%) -- Ticket Income $70,000.00
Level 4 -- Attendance: 4000 (100.00%) -- Ticket Income $80,000.00
Luxury Box -- Attendance: 1000 (100.00%) -- Ticket Income $200,000.00
Game was played at the Continental Airlines Arena
Total Attendance: 19040 (100.00%)
Total Ticket Income: $1,355,729.00
Other Income: $406,718.63
Total Income: $1,762,448.00


Play by Play

Period #1

0:01 of 1st period - Jason Arnott wins face-off versus Zach Parise in neutral zone.
0:17 of 1st period - Patrik Elias is hit by Derek Morris and loses puck.
0:23 of 1st period - Shot by Patrik Elias.
0:23 of 1st period - Shot Misses the Net.
0:26 of 1st period - Shot by Patrik Elias.
0:26 of 1st period - Shot Misses the Net.
0:27 of 1st period - Shot by Zach Parise.
0:27 of 1st period - Shot Misses the Net.
0:28 of 1st period - Shot by Miroslav Satan.
0:28 of 1st period - Goal by Miroslav Satan - Predators : 0 - Devils : 1.
0:29 of 1st period - Yanic Perreault wins face-off versus Mike Comrie in neutral zone.
1:02 of 1st period - Shot by Grant Marshall.
1:02 of 1st period - Stopped by Chris Mason without a rebound.
1:03 of 1st period - David Legwand wins face-off versus Zach Parise in Predators zone.
1:14 of 1st period - Shot by Jeff Carter.
1:14 of 1st period - Stopped by Martin Brodeur without a rebound.
1:15 of 1st period - Sergei Brylin wins face-off versus Jason Arnott in Devils zone.
1:23 of 1st period - Off-side.
1:24 of 1st period - Zach Parise wins face-off versus David Legwand in neutral zone.
1:37 of 1st period - Shot by Martin Erat.
1:37 of 1st period - Deflect By David Legwand.
1:37 of 1st period - Stopped by Martin Brodeur without a rebound.
1:38 of 1st period - Mike Comrie wins face-off versus Jason Arnott in Devils zone.
2:11 of 1st period - Shot by Scott Hartnell.
2:11 of 1st period - Shot Misses the Net.
2:14 of 1st period - Shot by Shea Weber.
2:14 of 1st period - Shot Misses the Net.
2:17 of 1st period - Shot by Paul Kariya.
2:17 of 1st period - Shot Misses the Net.
2:18 of 1st period - Shot by Derek Morris.
2:18 of 1st period - Shot Misses the Net.
2:37 of 1st period - Shot by Todd Bertuzzi.
2:37 of 1st period - Shot Misses the Net.
4:02 of 1st period - Shot by John Madden.
4:02 of 1st period - Shot Blocked by Zbynek Michalek.
4:05 of 1st period - Shot by John Madden.
4:05 of 1st period - Stopped by Chris Mason with a rebound.
4:06 of 1st period - Shot by Jay Pandolfo.
4:06 of 1st period - Goal by Jay Pandolfo - Predators : 0 - Devils : 2.
4:07 of 1st period - Zach Parise wins face-off versus Jason Arnott in neutral zone.
4:22 of 1st period - Shot by Juraj Kolnik.
4:22 of 1st period - Stopped by Chris Mason with a rebound.
4:53 of 1st period - Shot by John Madden.
4:53 of 1st period - Stopped by Chris Mason without a rebound.
4:54 of 1st period - Yanic Perreault wins face-off versus Mike Comrie in Predators zone.
5:05 of 1st period - Shot by Yanic Perreault.
5:05 of 1st period - Stopped by Martin Brodeur without a rebound.
5:06 of 1st period - Sergei Brylin wins face-off versus Yanic Perreault in Devils zone.
5:12 of 1st period - Icing by Brad Lukowich.
5:13 of 1st period - Sergei Brylin wins face-off versus David Legwand in Devils zone.
5:15 of 1st period - Icing by Jamie Langenbrunner.
5:16 of 1st period - Yanic Perreault wins face-off versus Sergei Brylin in Devils zone.
5:46 of 1st period - Minor Penalty to Jamie Langenbrunner for Delaying the game.
5:46 of 1st period - Minor Penalty to Marek Zidlicky for Clipping.
5:47 of 1st period - Yanic Perreault wins face-off versus Patrik Elias in neutral zone.
6:10 of 1st period - Shot by Juraj Kolnik.
6:10 of 1st period - Stopped by Chris Mason without a rebound.
6:11 of 1st period - Jason Arnott wins face-off versus Brian Gionta in Predators zone.
6:22 of 1st period - Shot by Scott Hartnell.
6:22 of 1st period - Stopped by Martin Brodeur without a rebound.
6:23 of 1st period - Jason Arnott wins face-off versus Brian Gionta in Devils zone.
6:24 of 1st period - Shot by Kimmo Timonen.
6:24 of 1st period - Shot Blocked by Brian Rafalski.
6:29 of 1st period - Shot by Jason Arnott.
6:29 of 1st period - Stopped by Martin Brodeur without a rebound.
6:30 of 1st period - Jason Arnott wins face-off versus Patrik Elias in Devils zone.
7:56 of 1st period - David Legwand is hit by Mike Ribeiro and loses puck.
8:12 of 1st period - Shot by Jeff Carter.
8:12 of 1st period - Shot Blocked by Grant Marshall.
9:07 of 1st period - Shot by Jamie Langenbrunner.
9:07 of 1st period - Shot Misses the Net.
9:08 of 1st period - Shot by Sergei Brylin.
9:08 of 1st period - Shot Misses the Net.
9:09 of 1st period - Shot by Brad Lukowich.
9:09 of 1st period - Stopped by Chris Mason with a rebound.
9:10 of 1st period - Shot by Brad Lukowich.
9:10 of 1st period - Stopped by Chris Mason with a rebound.
9:11 of 1st period - Shot by Colin White.
9:11 of 1st period - Shot Misses the Net.
10:44 of 1st period - Shot by Miroslav Satan.
10:44 of 1st period - Shot Misses the Net.
10:47 of 1st period - Shot by Patrik Elias.
10:47 of 1st period - Shot Misses the Net.
10:50 of 1st period - Shot by John Madden.
10:50 of 1st period - Shot Blocked by Shea Weber.
10:51 of 1st period - Shot by Richard Matvichuk.
10:51 of 1st period - Stopped by Chris Mason with a rebound.
10:54 of 1st period - Shot by Patrik Elias.
10:54 of 1st period - Stopped by Chris Mason with a rebound.
10:55 of 1st period - Shot by John Madden.
10:55 of 1st period - Stopped by Chris Mason with a rebound.
10:56 of 1st period - Shot by John Madden.
10:56 of 1st period - Goal by John Madden - Predators : 0 - Devils : 3.
10:57 of 1st period - Jamie Langenbrunner wins face-off versus Yanic Perreault in neutral zone.
10:57 of 1st period - Mike Comrie is hit by Marek Zidlicky and loses puck.
11:00 of 1st period - Sergei Brylin and Todd Bertuzzi fight to a draw.
11:00 of 1st period - Penalty to Sergei Brylin for Fighting.
11:00 of 1st period - Penalty to Todd Bertuzzi for Fighting.
11:01 of 1st period - Jason Arnott wins face-off versus Brian Gionta in Devils zone.
11:26 of 1st period - Shot by Scott Hartnell.
11:26 of 1st period - Goal by Scott Hartnell - Predators : 1 - Devils : 3.
11:27 of 1st period - Patrik Elias wins face-off versus Jason Arnott in neutral zone.
11:46 of 1st period - Shot by Juraj Kolnik.
11:46 of 1st period - Shot Misses the Net.
12:23 of 1st period - Shot by Miroslav Satan.
12:23 of 1st period - Shot Misses the Net.
12:26 of 1st period - Shot by Brian Gionta.
12:26 of 1st period - Shot Misses the Net.
12:27 of 1st period - Shot by Miroslav Satan.
12:27 of 1st period - Goal by Miroslav Satan - Predators : 1 - Devils : 4.
12:28 of 1st period - Patrik Elias wins face-off versus Paul Kariya in neutral zone.
12:35 of 1st period - Shot by Paul Kariya.
12:35 of 1st period - Stopped by Martin Brodeur with a rebound.
12:36 of 1st period - Shot by Steve Sullivan.
12:36 of 1st period - Stopped by Martin Brodeur with a rebound.
12:41 of 1st period - Shot by Paul Kariya.
12:41 of 1st period - Stopped by Martin Brodeur without a rebound.
12:42 of 1st period - Brian Gionta wins face-off versus Scott Hartnell in Devils zone.
13:09 of 1st period - Shot by Scott Hartnell.
13:09 of 1st period - Shot Misses the Net.
13:51 of 1st period - Icing by Tomas Kaberle.
13:52 of 1st period - Patrik Elias wins face-off versus Yanic Perreault in Predators zone.
14:38 of 1st period - Icing by Brad Lukowich.
14:39 of 1st period - Jason Arnott wins face-off versus Brian Gionta in Devils zone.
14:46 of 1st period - Shot by Scott Hartnell.
14:46 of 1st period - Shot Misses the Net.
15:14 of 1st period - Icing by Brad Lukowich.
15:15 of 1st period - Brian Gionta wins face-off versus Steve Sullivan in Devils zone.
15:43 of 1st period - Martin Erat is hit by Patrik Elias and loses puck.
16:56 of 1st period - Icing by Derek Morris.
16:57 of 1st period - Zach Parise wins face-off versus Jason Arnott in Predators zone.
17:04 of 1st period - Shot by Juraj Kolnik.
17:04 of 1st period - Shot Misses the Net.
17:07 of 1st period - Shot by Zach Parise.
17:07 of 1st period - Stopped by Chris Mason without a rebound.
17:08 of 1st period - David Legwand wins face-off versus Sergei Brylin in Predators zone.
17:19 of 1st period - Shot by Todd Bertuzzi.
17:19 of 1st period - Stopped by Martin Brodeur with a rebound.
17:30 of 1st period - Shot by Sergei Brylin.
17:30 of 1st period - Stopped by Chris Mason with a rebound.
18:01 of 1st period - Shot by Miroslav Satan.
18:01 of 1st period - Stopped by Chris Mason with a rebound.
18:02 of 1st period - Shot by Patrik Elias.
18:02 of 1st period - Stopped by Chris Mason without a rebound.
18:03 of 1st period - Mike Comrie wins face-off versus Keith Primeau in Predators zone.
18:40 of 1st period - Shot by John Madden.
18:40 of 1st period - Stopped by Chris Mason without a rebound.
18:41 of 1st period - Juraj Kolnik wins face-off versus Yanic Perreault in Predators zone.

Period #2

0:01 of 2nd period - Zach Parise wins face-off versus Jason Arnott in neutral zone.
0:12 of 2nd period - Shot by Scott Hartnell.
0:12 of 2nd period - Goal by Scott Hartnell - Predators : 2 - Devils : 4.
0:13 of 2nd period - Mike Comrie wins face-off versus Yanic Perreault in neutral zone.
0:32 of 2nd period - Shot by Todd Bertuzzi.
0:32 of 2nd period - Shot Misses the Net.
0:33 of 2nd period - Shot by Yanic Perreault.
0:33 of 2nd period - Stopped by Martin Brodeur without a rebound.
0:34 of 2nd period - Zach Parise wins face-off versus Jason Arnott in Devils zone.
0:36 of 2nd period - Patrik Elias is hit by Shea Weber and loses puck.
1:09 of 2nd period - Scott Hartnell is hit by Richard Matvichuk and loses puck.
1:13 of 2nd period - Shot by Jason Arnott.
1:13 of 2nd period - Stopped by Martin Brodeur without a rebound.
1:14 of 2nd period - Yanic Perreault wins face-off versus Mike Comrie in Devils zone.
1:21 of 2nd period - Shot by Todd Bertuzzi.
1:21 of 2nd period - Stopped by Martin Brodeur with a rebound.
2:21 of 2nd period - Minor Penalty to Juraj Kolnik for Holding.
2:22 of 2nd period - Jason Arnott wins face-off versus Patrik Elias in Devils zone.
3:02 of 2nd period - Icing by Tomas Kaberle.
3:03 of 2nd period - Patrik Elias wins face-off versus David Legwand in Predators zone.
4:15 of 2nd period - Todd Bertuzzi is hit by Brad Lukowich and loses puck.
4:16 of 2nd period - Minor Penalty to Miroslav Satan for Roughing.
4:17 of 2nd period - Jason Arnott wins face-off versus Jamie Langenbrunner in Devils zone.
5:09 of 2nd period - David Legwand is hit by Colin White and loses puck.
5:24 of 2nd period - David Legwand is hit by Colin White and loses puck.
6:09 of 2nd period - Icing by Tomas Kaberle.
6:10 of 2nd period - Jason Arnott wins face-off versus Patrik Elias in Predators zone.
7:01 of 2nd period - Shot by Mike Ribeiro.
7:01 of 2nd period - Shot Misses the Net.
7:03 of 2nd period - Icing by Shea Weber.
7:04 of 2nd period - Mike Comrie wins face-off versus Keith Primeau in Predators zone.
7:23 of 2nd period - Shot by Mike Comrie.
7:23 of 2nd period - Stopped by Chris Mason with a rebound.
8:15 of 2nd period - Yanic Perreault is hit by Richard Matvichuk and loses puck.
8:17 of 2nd period - Shot by Todd Bertuzzi.
8:17 of 2nd period - Shot Misses the Net.
8:18 of 2nd period - Shot by Yanic Perreault.
8:18 of 2nd period - Deflect By Steve Sullivan.
8:18 of 2nd period - Stopped by Martin Brodeur without a rebound.
8:19 of 2nd period - Zach Parise wins face-off versus Jason Arnott in Devils zone.
8:38 of 2nd period - Shot by Juraj Kolnik.
8:38 of 2nd period - Stopped by Chris Mason with a rebound.
8:43 of 2nd period - Shot by Paul Kariya.
8:43 of 2nd period - Stopped by Martin Brodeur without a rebound.
8:44 of 2nd period - Yanic Perreault wins face-off versus Sergei Brylin in Devils zone.
9:03 of 2nd period - Shot by Todd Bertuzzi.
9:03 of 2nd period - Shot Blocked by Brad Lukowich.
9:06 of 2nd period - Shot by Yanic Perreault.
9:06 of 2nd period - Stopped by Martin Brodeur with a rebound.
9:09 of 2nd period - Shot by Steve Sullivan.
9:09 of 2nd period - Stopped by Martin Brodeur without a rebound.
9:10 of 2nd period - Mike Comrie wins face-off versus David Legwand in Devils zone.
11:03 of 2nd period - Shot by Sergei Brylin.
11:03 of 2nd period - Shot Misses the Net.
11:26 of 2nd period - Shot by Paul Kariya.
11:26 of 2nd period - Deflect By Jeff Carter.
11:26 of 2nd period - Goal by Jeff Carter - Predators : 3 - Devils : 4.
11:27 of 2nd period - Scott Hartnell wins face-off versus Zach Parise in neutral zone.
12:32 of 2nd period - Shot by Jeff Carter.
12:32 of 2nd period - Shot Misses the Net.
12:51 of 2nd period - Shot by Todd Bertuzzi.
12:51 of 2nd period - Shot Blocked by Juraj Kolnik.
12:52 of 2nd period - Shot by Martin Erat.
12:52 of 2nd period - Stopped by Martin Brodeur without a rebound.
12:53 of 2nd period - Keith Primeau wins face-off versus Mike Comrie in Devils zone.
13:13 of 2nd period - Mike Ribeiro is hit by Mike Grier and loses puck.
13:20 of 2nd period - Minor Penalty to Darcy Hordichuk for Roughing.
13:21 of 2nd period - Todd Bertuzzi wins face-off versus Patrik Elias in Predators zone.
13:58 of 2nd period - Shot by Mike Ribeiro.
13:58 of 2nd period - Stopped by Chris Mason with a rebound.
14:01 of 2nd period - Shot by Brian Gionta.
14:01 of 2nd period - Shot Misses the Net.
14:13 of 2nd period - Miroslav Satan is hit by Mike Grier and loses puck.
14:16 of 2nd period - Off-side.
14:17 of 2nd period - Keith Primeau wins face-off versus Mike Comrie in neutral zone.
14:34 of 2nd period - Shot by Mike Grier.
14:34 of 2nd period - Stopped by Martin Brodeur with a rebound.
14:35 of 2nd period - Shot by Mike Grier.
14:35 of 2nd period - Stopped by Martin Brodeur with a rebound.
15:20 of 2nd period - Shot by Patrik Elias.
15:20 of 2nd period - Shot Misses the Net.
15:22 of 2nd period - Icing by Tomas Kaberle.
15:23 of 2nd period - Mike Comrie wins face-off versus David Legwand in Predators zone.
15:53 of 2nd period - Mike Comrie is hit by Tomas Kaberle and loses puck.
16:50 of 2nd period - Icing by Colin White.
16:51 of 2nd period - Keith Primeau wins face-off versus Zach Parise in Devils zone.
18:07 of 2nd period - Minor Penalty to Kimmo Timonen for Holding.
18:08 of 2nd period - Todd Bertuzzi wins face-off versus Mike Comrie in Devils zone.
18:49 of 2nd period - Shot by Jason Arnott.
18:49 of 2nd period - Shot Misses the Net.
18:52 of 2nd period - Shot by Mike Grier.
18:52 of 2nd period - Shot Misses the Net.
18:55 of 2nd period - Shot by Mike Grier.
18:55 of 2nd period - Shot Misses the Net.
18:58 of 2nd period - Shot by Keith Primeau.
18:58 of 2nd period - Stopped by Martin Brodeur without a rebound.
18:59 of 2nd period - Todd Bertuzzi wins face-off versus Juraj Kolnik in Devils zone.
19:34 of 2nd period - Shot by Juraj Kolnik.
19:34 of 2nd period - Stopped by Chris Mason without a rebound.
19:35 of 2nd period - Todd Bertuzzi wins face-off versus Juraj Kolnik in Predators zone.
19:55 of 2nd period - Icing by Grant Marshall.
19:56 of 2nd period - Keith Primeau wins face-off versus Juraj Kolnik in Devils zone.
19:59 of 2nd period - Shot by Mike Grier.
19:59 of 2nd period - Stopped by Martin Brodeur without a rebound.

Period #3

0:01 of 3rd period - Keith Primeau wins face-off versus Juraj Kolnik in neutral zone.
0:44 of 3rd period - Shot by Jeff Carter.
0:44 of 3rd period - Shot Misses the Net.
0:56 of 3rd period - Icing by Chris Campoli.
0:57 of 3rd period - Jason Arnott wins face-off versus Mike Comrie in Devils zone.
1:04 of 3rd period - Shot by Paul Kariya.
1:04 of 3rd period - Shot Hit the Post.
1:25 of 3rd period - Shot by Jason Arnott.
1:25 of 3rd period - Shot Hit the Post.
1:26 of 3rd period - Shot by Shea Weber.
1:26 of 3rd period - Stopped by Martin Brodeur without a rebound.
1:27 of 3rd period - Yanic Perreault wins face-off versus Zach Parise in Devils zone.
1:40 of 3rd period - Shot by Patrik Elias.
1:40 of 3rd period - Deflect By Miroslav Satan.
1:40 of 3rd period - Shot Blocked by Marek Zidlicky.
1:44 of 3rd period - Yanic Perreault is hit by Patrik Elias and loses puck.
1:52 of 3rd period - Shot by Marek Zidlicky.
1:52 of 3rd period - Shot Misses the Net.
1:53 of 3rd period - Shot by Kimmo Timonen.
1:53 of 3rd period - Stopped by Martin Brodeur without a rebound.
1:54 of 3rd period - Zach Parise wins face-off versus Darcy Hordichuk in Devils zone.
2:21 of 3rd period - Shot by Keith Primeau.
2:21 of 3rd period - Shot Blocked by Richard Matvichuk.
2:22 of 3rd period - Shot by Shea Weber.
2:22 of 3rd period - Stopped by Martin Brodeur without a rebound.
2:23 of 3rd period - Sergei Brylin wins face-off versus David Legwand in Devils zone.
3:57 of 3rd period - Mike Comrie is hit by Kimmo Timonen and loses puck.
3:58 of 3rd period - Minor Penalty to Jason Arnott for Slashing.
3:59 of 3rd period - Keith Primeau wins face-off versus Mike Comrie in Predators zone.
4:56 of 3rd period - Shot by Patrik Elias.
4:56 of 3rd period - Shot Misses the Net.
4:59 of 3rd period - Shot by Patrik Elias.
4:59 of 3rd period - Deflect By Miroslav Satan.
4:59 of 3rd period - Goal by Miroslav Satan - Predators : 3 - Devils : 5.
4:59 of 3rd period - Tomas Vokoun enters game.
5:00 of 3rd period - David Legwand wins face-off versus Sergei Brylin in neutral zone.
5:05 of 3rd period - Shot by Martin Erat.
5:05 of 3rd period - Shot Misses the Net.
5:17 of 3rd period - Icing by Zbynek Michalek.
5:18 of 3rd period - Mike Comrie wins face-off versus David Legwand in Predators zone.
5:29 of 3rd period - Shot by Chris Campoli.
5:29 of 3rd period - Stopped by Tomas Vokoun without a rebound.
5:30 of 3rd period - Yanic Perreault wins face-off versus Zach Parise in Predators zone.
5:46 of 3rd period - Steve Sullivan is hit by Colin White and loses puck.
5:54 of 3rd period - Shot by Kimmo Timonen.
5:54 of 3rd period - Shot Misses the Net.
6:24 of 3rd period - Juraj Kolnik is hit by Shea Weber and loses puck.
6:49 of 3rd period - Icing by Shea Weber.
6:50 of 3rd period - Jason Arnott wins face-off versus Mike Comrie in Predators zone.
6:56 of 3rd period - Scott Hartnell is hit by David Hale and loses puck.
7:02 of 3rd period - Shot by Scott Hartnell.
7:02 of 3rd period - Shot Blocked by Chris Campoli.
8:02 of 3rd period - Mike Ribeiro is hit by Todd Bertuzzi and loses puck.
9:23 of 3rd period - Jamie Langenbrunner is hit by Darcy Hordichuk and loses puck.
9:27 of 3rd period - Shot by John Madden.
9:27 of 3rd period - Shot Blocked by Shea Weber.
9:42 of 3rd period - Shot by Jamie Langenbrunner.
9:42 of 3rd period - Shot Misses the Net.
9:45 of 3rd period - Shot by Jay Pandolfo.
9:45 of 3rd period - Stopped by Tomas Vokoun without a rebound.
9:46 of 3rd period - Sergei Brylin wins face-off versus David Legwand in Predators zone.
9:53 of 3rd period - Shot by Jamie Langenbrunner.
9:53 of 3rd period - Shot Blocked by Zbynek Michalek.
9:56 of 3rd period - Shot by Sergei Brylin.
9:56 of 3rd period - Shot Blocked by Tomas Kaberle.
10:31 of 3rd period - Shot by Miroslav Satan.
10:31 of 3rd period - Shot Blocked by Zbynek Michalek.
10:32 of 3rd period - Shot by Patrik Elias.
10:32 of 3rd period - Stopped by Tomas Vokoun with a rebound.
10:35 of 3rd period - Shot by Miroslav Satan.
10:35 of 3rd period - Shot Misses the Net.
10:38 of 3rd period - Shot by Mike Comrie.
10:38 of 3rd period - Stopped by Tomas Vokoun without a rebound.
10:39 of 3rd period - Yanic Perreault wins face-off versus Zach Parise in Predators zone.
10:45 of 3rd period - Marek Zidlicky is hit by Miroslav Satan and loses puck.
10:53 of 3rd period - Shot by Patrik Elias.
10:53 of 3rd period - Stopped by Tomas Vokoun without a rebound.
10:54 of 3rd period - Mike Comrie wins face-off versus Yanic Perreault in Predators zone.
10:55 of 3rd period - Shot by Grant Marshall.
10:55 of 3rd period - Shot Blocked by Todd Bertuzzi.
10:57 of 3rd period - Icing by Kimmo Timonen.
10:58 of 3rd period - Sergei Brylin wins face-off versus Yanic Perreault in Predators zone.
11:01 of 3rd period - Shot by Jamie Langenbrunner.
11:01 of 3rd period - Stopped by Tomas Vokoun with a rebound.
12:06 of 3rd period - Shot by Jason Arnott.
12:06 of 3rd period - Stopped by Martin Brodeur without a rebound.
12:07 of 3rd period - David Legwand wins face-off versus Zach Parise in Devils zone.
12:16 of 3rd period - Shot by Martin Erat.
12:16 of 3rd period - Deflect By David Legwand.
12:16 of 3rd period - Goal by David Legwand - Predators : 4 - Devils : 5.
12:17 of 3rd period - Jason Arnott wins face-off versus Jay Pandolfo in neutral zone.
12:38 of 3rd period - Shot by Paul Kariya.
12:38 of 3rd period - Stopped by Martin Brodeur without a rebound.
12:39 of 3rd period - David Legwand wins face-off versus Zach Parise in Devils zone.
12:50 of 3rd period - Shot by Jeff Carter.
12:50 of 3rd period - Shot Misses the Net.
12:53 of 3rd period - Shot by Jeff Carter.
12:53 of 3rd period - Stopped by Martin Brodeur without a rebound.
12:54 of 3rd period - Sergei Brylin wins face-off versus Darcy Hordichuk in Devils zone.
13:26 of 3rd period - Minor Penalty to Derek Morris for Cross-checking.
13:27 of 3rd period - Todd Bertuzzi wins face-off versus Juraj Kolnik in Devils zone.
13:51 of 3rd period - Miroslav Satan is hit by Zbynek Michalek and loses puck.
14:27 of 3rd period - Shot by Mike Ribeiro.
14:27 of 3rd period - Shot Misses the Net.
14:32 of 3rd period - Shot by Brian Gionta.
14:32 of 3rd period - Stopped by Tomas Vokoun with a rebound.
15:27 of 3rd period - Shot by Patrik Elias.
15:27 of 3rd period - Shot Misses the Net.
16:28 of 3rd period - Shot by Paul Kariya.
16:28 of 3rd period - Stopped by Martin Brodeur with a rebound.
16:56 of 3rd period - Icing by Marek Zidlicky.
16:57 of 3rd period - Yanic Perreault wins face-off versus Zach Parise in Predators zone.
17:08 of 3rd period - Shot by Zach Parise.
17:08 of 3rd period - Shot Blocked by Marek Zidlicky.
17:09 of 3rd period - Shot by Richard Matvichuk.
17:09 of 3rd period - Shot Misses the Net.
17:10 of 3rd period - Shot by Richard Matvichuk.
17:10 of 3rd period - Shot Misses the Net.
17:13 of 3rd period - Shot by Zach Parise.
17:13 of 3rd period - Stopped by Tomas Vokoun without a rebound.
17:14 of 3rd period - David Legwand wins face-off versus Zach Parise in Predators zone.
17:26 of 3rd period - Icing by Richard Matvichuk.
17:27 of 3rd period - Keith Primeau wins face-off versus Zach Parise in Devils zone.
17:43 of 3rd period - Minor Penalty to Darcy Hordichuk for Elbowing.
17:44 of 3rd period - Todd Bertuzzi wins face-off versus Mike Comrie in Predators zone.
17:44 of 3rd period - Kimmo Timonen is hit by Brad Lukowich and loses puck.
18:04 of 3rd period - Shot by Mike Comrie.
18:04 of 3rd period - Shot Blocked by Kimmo Timonen.
18:05 of 3rd period - Shot by Brian Rafalski.
18:05 of 3rd period - Goal by Brian Rafalski - Predators : 4 - Devils : 6.
18:06 of 3rd period - Sergei Brylin wins face-off versus David Legwand in neutral zone.
18:14 of 3rd period - John Madden is hit by Jeff Carter and loses puck.
18:23 of 3rd period - Major Penalty to Chris Campoli for Kneeing.
18:24 of 3rd period - Patrik Elias wins face-off versus Jason Arnott in Devils zone.
19:27 of 3rd period - Shot by David Legwand.
19:27 of 3rd period - Stopped by Martin Brodeur without a rebound.
19:28 of 3rd period - Brian Gionta wins face-off versus David Legwand in Devils zone.
19:46 of 3rd period - Icing by Kimmo Timonen.
19:47 of 3rd period - David Legwand wins face-off versus Brian Gionta in Predators zone.


Output by the SimonT Hockey Simulator (STHS) for Stephane Roy -- Original Page W3C XHTML 1.0 Valid